Map: Lerilak Crest

Players

LilDicky - Winner!

  • Race: Terran Terran
  • League: Diamond

HopeOfScraft

  • Race: Zerg Zerg
  • League: Diamond

VOD

http://www.twitch.tv/tumescentpie

Description

Time

  • Played on: Nov. 30, 2015, 6:34 p.m.
  • Length: 8:45
Show
View Real Time Build Order
Export as new Build Order

LilDicky Terran - Winner!

Build Orders: Liberator Opening, Bio Tank, MMM Bio 

Get SALT Encoding   

  12  0:02  SCV  
  13  0:14  SCV  
  13  0:18  Supply Depot  
  14  0:27  SCV  
  15  0:35  Refinery  
  15  0:39  SCV  
  16  0:45  Barracks  
  16  0:51  SCV  
  17  1:03  SCV  
  18  1:16  SCV  
  19  1:28  SCV  
  20  1:34  Reaper  
  20  1:35  Supply Depot  
  21  1:41  Orbital Command  
  21  1:58  Command Center  
  21  2:06  Factory  
  21  2:15  SCV  
  22  2:19  Barracks Tech Lab  
  22  2:20  Refinery  
  22  2:27  SCV  
  23  2:57  SCV  
  24  3:04  Starport  
  24  3:10  SCV, Marine  
  26  3:14  Orbital Command  
  26  3:24  Command Center  
  26  3:28  SCV  
  26  3:30  Siege Tank, Marine  
  31  3:37  Liberator  
  31  3:48  Barracks Reactor  
  34  4:22  Siege Tank  
  37  4:24  SCV  
  37  4:25  SCV  
  39  4:35  Barracks  
  39  4:36  SCV  
  40  4:38  Barracks  
  40  4:40  Engineering Bay, Barracks  
  40  4:41  Engineering Bay  
  40  4:42  Orbital Command  
  40  4:44  SCV  
  41  4:53  Barracks Reactor  
  41  4:54  Siege Tank  
  41  4:56  SCV  
  41  4:59  SCV, Refinery  
  46  5:01  Refinery  
  46  5:08  SCV  
  46  5:09  SCV  
  46  5:12  Liberator  
  48  5:18  Orbital Command  
  48  5:19  SCV  
  49  5:32  Barracks Reactor, Barracks Tech Lab x2  
  49  5:33  Marine x2  
  49  5:34  SCV  
  55  5:38  SCV  
  56  5:43  Supply Depot  
  56  5:45  SCV  
  57  5:51  Marine x2  
  57  5:52  Combat Shields, Stimpack  
  57  5:54  Marine x2  
  61  6:00  Refinery  
  61  6:05  SCV x2  
  61  6:07  Supply Depot  
  61  6:08  Supply Depot  
  61  6:09  Marine x2  
  65  6:11  Marine  
  65  6:12  Terran Infantry Weapons Level 1, Terran Infantry Armor Level 1  
  66  6:18  SCV x2  
  66  6:22  Marine  
  69  6:28  Medivac, Marine  
  69  6:29  Supply Depot  
  69  6:30  Barracks  
  69  6:32  Supply Depot  
  72  6:33  SCV x3  
  72  6:34  Marine x3  
  78  6:48  Supply Depot  
  78  6:49  Siege Tank  
  78  6:50  Medivac  
  78  6:51  Marine x3  
  78  6:52  Marine  
  87  7:02  Supply Depot, Marine x2  
  89  7:08  Supply Depot  
  89  7:10  Marauder  
  85  7:31  Liberator x2  
  85  7:35  Marine x3  
  88  7:41  Marine x2  
  88  7:42  Marauder  
  97  7:53  Marine  
  97  8:08  Marine  
  95  8:20  Marine x2  
Show
View Real Time Build Order
Export as new Build Order

HopeOfScraft Zerg 

Build Orders: Hatch First 

Get SALT Encoding   

  12  0:01  Drone  
  13  0:12  Overlord  
  13  0:17  Drone  
  14  0:22  Extractor  
  14  0:23  Drone  
  15  0:31  Drone  
  15  0:35  Drone  
  17  0:54  Hatchery  
  16  0:57  Drone  
  16  1:00  Drone  
  18  1:14  Spawning Pool  
  18  1:16  Drone  
  18  1:19  Drone  
  19  1:40  Hatchery  
  19  1:43  Drone  
  19  1:46  Drone  
  20  1:50  Drone  
  21  1:54  Extractor  
  21  2:00  Drone  
  21  2:07  Zergling x2  
  22  2:09  Queen  
  22  2:14  Queen  
  26  2:16  Drone  
  26  2:22  Overlord  
  27  2:26  Drone  
  28  2:36  Extractor  
  27  2:39  Zergling x2  
  27  2:40  Drone x2  
  29  3:02  Drone x5  
  34  3:07  Roach Warren  
  34  3:10  Queen  
  35  3:16  Metabolic Boost  
  35  3:19  Drone  
  36  3:22  Drone  
  36  3:24  Drone  
  38  3:30  Zergling x2  
  38  3:32  Drone  
  38  3:33  Drone x2  
  41  3:41  Drone x2  
  42  3:55  Lair  
  42  3:58  Overlord x2  
  41  4:14  Drone, Overlord  
  41  4:15  Overlord  
  41  4:16  Roach x3  
  41  4:17  Roach  
  50  4:20  Drone x2  
  50  4:21  Drone  
  53  4:25  Roach  
  55  4:31  Drone  
  55  4:32  Drone, Spine Crawler  
  55  4:37  Drone x2  
  55  4:38  Drone  
  59  4:40  Roach  
  61  4:47  Spore Crawler  
  60  4:53  Queen  
  60  4:59  Spire  
  61  5:01  Drone  
  61  5:02  Drone  
  61  5:04  Baneling Nest  
  62  5:15  Zergling x6  
  62  5:16  Infestation Pit, Zergling x6  
  62  5:19  Extractor  
  66  5:21  Drone x2  
  66  5:22  Drone  
  66  5:23  Drone  
  66  5:25  Drone  
  66  5:28  Drone x2  
  73  5:31  Drone  
  74  5:37  Overlord x2  
  74  5:43  Extractor  
  74  5:44  Evolution Chamber  
  74  5:49  Ravager  
  73  5:50  Ravager  
  73  5:52  Overlord x2  
  74  5:57  Spore Crawler  
  74  5:59  Spore Crawler  
  74  6:01  Drone x4  
  74  6:02  Drone x2  
  78  6:08  Spore Crawler  
  77  6:11  Zerg Ground Armor Level 1  
  77  6:12  Mutalisk  
  77  6:17  Baneling x2  
  79  6:20  Extractor  
  79  6:21  Drone x4  
  79  6:22  Extractor  
  81  6:29  Evolution Chamber  
  80  6:38  Queen  
  80  6:39  Roach  
  84  6:40  Roach x4  
  84  6:42  Overlord  
  92  6:50  Drone x4  
  92  6:51  Drone x2  
  98  7:09  Hive  
  98  7:10  Mutalisk x2  
  98  7:12  Mutalisk  
  85  7:29  Roach  
  69  7:30  Roach x4  
  74  7:51  Roach x6  
  80  7:58  Mutalisk x2  
Tags
 
Add a new tag
Caveats
  • Supply blocks, unpowered buildings, or Contaminate may cause inaccurate times.
  • Supply counts are checked every 10 seconds.